 Dungeon Crawl Stone Soup version 0.18-a0-1731-g08f49a8 (webtiles) character file.

12736 therodimus the Basher (level 11, 0/102 HPs)
             Began as a Demonspawn Fighter on Apr 11, 2016.
             Was a High Priest of Okawaru.
             Slain by a cyan ugly thing (12 damage)
             ... on level 12 of the Dungeon.
             The game lasted 00:23:15 (13487 turns).

therodimus the Basher (Demonspawn Fighter)         Turns: 13487, Time: 00:23:16

Health: 0/102      AC: 19    Str: 16    XL:     11   Next: 66%
Magic:  0/11       EV:  5    Int:  7    God:    Okawaru [*****.]
Gold:   378        SH:  9    Dex: 18    Spells: 0 memorised, 10 levels left

rFire  + . .     SeeInvis .     H - +2 morningstar (protect)
rCold  + + .     Gourm    .     M - +2 chain mail of Kiczifeo {+Blink rPois rC++ Int-3}
rNeg   . . .     Faith    .     c - +0 shield
rPois  +         Spirit   +     (helmet restricted)
rElec  .         Dismiss  .     v - +1 cloak
rCorr  .         Reflect  .     D - +0 pair of gloves
SustAt .         Harm     .     (no boots)
MR     .....                    (no amulet)
Stlth  ..........               (no ring)
                                L - ring of protection from fire

@: not resistant to hostile enchantments, extremely unstealthy
A: beak, hooves 1, horns 1, agile 1, blink, blurry vision 1, regeneration 1,
robust 1, magic shield, magic regeneration, rot immunity, sturdy frame 1
a: Blink, Heroism, Finesse, Renounce Religion, Evoke Blink


You were on level 12 of the Dungeon.
You worshipped Okawaru.
Okawaru was extremely pleased with you.
You were hungry.

You visited 2 branches of the dungeon, and saw 13 of its levels.

You collected 516 gold pieces.
You spent 138 gold pieces at shops.

Inventory:

Hand Weapons
 H - a +2 morningstar of protection (weapon)
Missiles
 r - 6 javelins (quivered)
Armour
 c - a +0 shield (worn)
 h - a +3 scale mail of cold resistance
 v - a +1 cloak (worn)
 C - a +3 ring mail of poison resistance
 D - a +0 pair of gloves (worn)
 M - the +2 chain mail of Kiczifeo (worn) {+Blink rPois rC++ Int-3}
   (Okawaru gifted it to you on level 11 of the Dungeon)

   It affects your intelligence (-3).
   It greatly protects you from cold.
   It protects you from poison.
   It lets you blink.
Jewellery
 A - an uncursed amulet of dismissal
 L - a ring of protection from fire (left hand)
Wands
 d - a wand of disintegration (8/24)
 k - a wand of paralysis (13/24)
 q - a wand of flame (17/48)
 F - a wand of enslavement (12/24)
Scrolls
 a - a scroll of recharging
 e - 3 scrolls of amnesia
 l - a scroll of magic mapping
 m - a scroll of identify
 n - a scroll of fog
 s - 2 scrolls of enchant armour
 x - a scroll of fear
 y - a scroll of brand weapon
 B - a scroll of teleportation
 E - 3 scrolls of remove curse
Potions
 b - a potion of ambrosia
 j - 2 potions of haste
 p - 4 potions of lignification
 t - a potion of invisibility
 w - 3 potions of agility
 J - 2 potions of brilliance
 K - a potion of flight
Books
 z - a book of Clouds

   Spells                             Type                      Level
   a - Mephitic Cloud                 Conjuration/Poison/Air       3
   b - Conjure Flame                  Conjuration/Fire             3
   c - Poisonous Cloud                Conjuration/Poison/Air       6
   d - Freezing Cloud                 Conjuration/Ice/Air          6
   e - Ring of Flames                 Charms/Fire                  7
Comestibles
 f - 8 bread rations
 g - 3 beef jerkies
 i - 9 fruits
 o - 7 meat rations


   Skills:
 + Level 11.2 Fighting
 * Level 13.7 Maces & Flails
 - Level 2.6 Armour
 - Level 2.6 Shields


You had 10 spell levels left.
You didn't know any spells.

Dungeon Overview and Level Annotations

Branches:
Dungeon (12/15)            Temple (1/1) D:4            Lair (0/8) D:11
    Orc (0/2) D:11

Altars:
Ashenzari
Cheibriados
Dithmenos
Elyvilon
Fedhas
Gozag
Kikubaaqudgha
Makhleb
Nemelex Xobeh
Okawaru
Pakellas
Qazlal
Ru
Sif Muna
Trog
Vehumet
Xom
Yredelemnul
Zin
The Shining One

Shops:
D:4 (   D:7 *   D:9 (

Annotations:
D:10 Sonja


Innate Abilities, Weirdness & Mutations

You have a pair of small horns on your head.
When hurt, damage is shared between your health and your magic reserves.
You regenerate magic rapidly.
You are immune to rotting.
Your movements are slightly less encumbered by armour (ER -2).
You have a beak for a mouth.
You have large cloven feet.
You are agile. (Dex +2)
You can translocate small distances at will.
Scrolls take you a little longer to read.
Your natural rate of healing is unusually fast.
You are robust (+10% HP).


Message History

The giant frog zombie hits you.
* * * LOW HITPOINT WARNING * * *
The cyan ugly thing claws you but does no damage.
Your shield prevents you from hitting the cyan ugly thing.
You kick the cyan ugly thing, but do no damage.
You peck the cyan ugly thing, but do no damage.
The cyan ugly thing is almost dead.
The giant frog zombie hits you but does no damage. x2
You hit the cyan ugly thing. Your kick misses the cyan ugly thing.
You headbutt the cyan ugly thing.
The cyan ugly thing is almost dead.
The cyan ugly thing claws you.
* * * LOW HITPOINT WARNING * * *
The cyan ugly thing shocks you!
* * * LOW HITPOINT WARNING * * *
The giant frog zombie hits you but does no damage.
You hit the cyan ugly thing.
The cyan ugly thing is almost dead.
The cyan ugly thing claws you. The cyan ugly thing shocks you!
You die...

##############*******
#.............,,,,,,*
#............#****,,***
*#.....<.......>,,,,,,,* ***
#.##...@...#.##***,,,*,* *,*
*,*####uZ#.#,,,,,,,,,*,, *,*
*,*** #......*,,,,,,,,,, *,*
*,*,* #......#,,,,,,,,,* *,*
*,*,* #..#.....,,,,,,,,, *,*
*,*,**#...##.#.,,,,,,,,* *,*
*,,<,,....,,...,,,,,,,,,
*,*******,,,.....,,..,,,,,,,,,
*,,,,,,,,,***,*,,*,,,,,,,,,,,,


You could see a cyan ugly thing and a giant frog zombie.

Vanquished Creatures
  Erolcha (D:8)
  Harold (D:10)
  A hydra (D:11)
  A centaur warrior (D:11)
  A hill giant (D:11)
  A cyclops (D:11)
  An ugly thing (D:11)
  A gargoyle (D:11)
  2 wyverns (D:11)
  A vampire (D:10)
  A wraith (D:10)
  6 yaks
  A hippogriff (D:9)
  2 hungry ghosts
  5 porcupines (D:11)
  6 orc warriors
  An ice beast (D:8)
  A black bear (D:7)
  3 sky beasts
  An eye of draining (D:11)
  A phantom (D:8)
  6 centaurs
  4 ogres
  The ghost of kelbaugc the Poker, an amateur MfGl (D:3)
  A crocodile (D:11)
  A big kobold (D:11)
  7 giant frogs
  11 killer bees
  3 howler monkeys (D:10)
  14 wights
  4 crimson imps
  A wasp zombie (D:9)
  A quasit (D:6)
  A jelly (D:7)
  8 hounds
  10 orc wizards
  Crazy Yiuf (D:6)
  10 orc priests
  2 centaur skeletons (D:11)
  2 giant frog skeletons
  3 iguanas
  10 worker ants
  Terence (D:2)
  A howler monkey zombie (D:6)
  2 worker ant zombies (D:11)
  8 gnolls
  18 adders
  3 river rats (D:11)
  A shadow imp (D:9)
  3 adder skeletons (D:7)
  A worm (D:4)
  4 dart slugs
  5 giant geckos
  49 orcs
  5 bats
  4 giant cockroaches
  10 goblins
  6 hobgoblins
  26 jackals
  6 quokkas
  2 ball pythons (D:1)
  A giant gecko skeleton (D:4)
  A giant gecko zombie (D:5)
  4 giant newts
  11 kobolds
  2 quokka skeletons
  6 rats
320 creatures vanquished.

Vanquished Creatures (others)
  A plant (D:5)
1 creature vanquished.

Grand Total: 321 creatures vanquished

Notes
Turn   | Place    | Note
--------------------------------------------------------------
     0 | D:1      | therodimus the Demonspawn Fighter began the quest for the Orb.
     0 | D:1      | Reached XP level 1. HP: 18/18 MP: 1/1
    29 | D:1      | Reached skill level 2 in Maces & Flails
   233 | D:1      | Gained mutation: When hurt, damage is shared between your health and your magic reserves. [demonic ancestry]
   233 | D:1      | Reached XP level 2. HP: 16/24 MP: 2/2
   717 | D:1      | Reached XP level 3. HP: 24/29 MP: 1/3
   956 | D:2      | Reached skill level 3 in Maces & Flails
  1041 | D:2      | Noticed Terence
  1065 | D:2      | Killed Terence
  1218 | D:2      | Reached XP level 4. HP: 36/37 MP: 4/4
  1556 | D:2      | You fall through a shaft for 2 floors!
  1590 | D:4      | Reached skill level 4 in Maces & Flails
  1590 | D:4      | Gained mutation: You have a pair of small horns on your head. [demonic ancestry]
  1590 | D:4      | Reached XP level 5. HP: 33/42 MP: 3/5
  1623 | D:3      | Noticed kelbaugc's ghost (amateur MfGl)
  1636 | D:3      | Killed kelbaugc's ghost
  2081 | D:3      | Gained mutation: You regenerate magic rapidly. [demonic ancestry]
  2081 | D:3      | Reached XP level 6. HP: 42/49 MP: 6/6
  2264 | D:3      | Found a sacrificial altar of Ru.
  2335 | D:3      | Found a burning altar of Makhleb.
  2942 | D:4      | Reached skill level 5 in Maces & Flails
  3376 | D:4      | Found Zudo's Weapon Boutique.
  3434 | D:4      | Found a staircase to the Ecumenical Temple.
  3784 | D:5      | Entered Level 5 of the Dungeon
  3795 | Temple   | Entered the Ecumenical Temple
  3918 | D:5      | Reached skill level 5 in Fighting
  4091 | D:5      | HP: 1/51 [orc priest/divine providence (5)]
  4092 | D:5      | Reached XP level 7. HP: 1/56 MP: 1/7
  4405 | D:5      | Noticed a hill giant
  4529 | D:5      | You fall through a shaft for 2 floors!
  4537 | D:7      | Reached skill level 6 in Maces & Flails
  5008 | D:6      | Reached skill level 7 in Maces & Flails
  5277 | D:6      | Found an opulent altar of Gozag.
  5278 | D:6      | Found a snail-covered altar of Cheibriados.
  5278 | D:6      | Found a stormy altar of Qazlal.
  5279 | D:6      | Found an iron altar of Okawaru.
  5279 | D:6      | Found an ancient bone altar of Kikubaaqudgha.
  5280 | D:6      | Found a sparkling altar of Nemelex Xobeh.
  5284 | D:6      | Became a worshipper of Warmaster Okawaru
  5322 | D:6      | Noticed Crazy Yiuf
  5331 | D:6      | Killed Crazy Yiuf
  5331 | D:6      | Reached XP level 8. HP: 64/64 MP: 8/8
  6701 | D:5      | Reached * piety under Okawaru
  6955 | D:6      | Reached skill level 8 in Maces & Flails
  7393 | D:7      | Reached skill level 9 in Maces & Flails
  7393 | D:7      | Reached XP level 9. HP: 58/72 MP: 9/9
  7648 | D:7      | Found Gudiss's General Store.
  7685 | D:7      | Bought a scroll of remove curse for 42 gold pieces
  7708 | D:7      | Reached ** piety under Okawaru
  7798 | D:7      | Gained mutation: You are agile. (Dex +2) [mutagenic meat]
  9237 | D:8      | Reached skill level 10 in Maces & Flails
  9273 | D:8      | Noticed Erolcha
  9288 | D:8      | Killed Erolcha
  9414 | D:8      | Gained mutation: You are immune to rotting. [demonic ancestry]
  9414 | D:8      | Reached XP level 10. HP: 23/82 MP: 8/10
  9737 | D:8      | Reached *** piety under Okawaru
 10013 | D:9      | Reached skill level 11 in Maces & Flails
 11010 | D:9      | Found Keri's Antique Weapon Shoppe.
 11345 | D:9      | Bought a glowing morningstar for 96 gold pieces
 11549 | D:10     | Entered Level 10 of the Dungeon
 11580 | D:10     | Noticed Harold
 11600 | D:10     | Killed Harold
 11600 | D:10     | Reached **** piety under Okawaru
 11600 | D:10     | Reached skill level 12 in Maces & Flails
 11893 | D:10     | Reached skill level 10 in Fighting
 11899 | D:10     | Gained mutation: You can translocate small distances at will. [mutagenic meat]
 11900 | D:10     | Gained mutation: Your natural rate of healing is unusually fast. [mutagenic meat]
 11901 | D:10     | Gained mutation: You have a beak for a mouth. [mutagenic meat]
 11902 | D:10     | Gained mutation: You are robust (+10% HP). [mutagenic meat]
 11903 | D:10     | Gained mutation: Scrolls take you a little longer to read. [mutagenic meat]
 12280 | D:10     | Noticed Sonja
 12524 | D:11     | Found a stormy altar of Qazlal.
 12524 | D:11     | Noticed a hill giant
 12535 | D:11     | Killed a hill giant
 12535 | D:11     | Gained mutation: Your movements are slightly less encumbered by armour (ER -2). [demonic ancestry]
 12535 | D:11     | Reached XP level 11. HP: 56/100 MP: 6/11
 12706 | D:11     | Noticed a red ugly thing
 12758 | D:11     | Killed a red ugly thing
 12758 | D:11     | Reached ***** piety under Okawaru
 12888 | D:11     | Reached skill level 13 in Maces & Flails
 12957 | D:11     | Found a staircase to the Lair.
 13088 | D:11     | Noticed a centaur warrior
 13100 | D:11     | Killed a centaur warrior
 13100 | D:11     | Received a gift from Okawaru
 13101 | D:11     | Got a polished chain mail {god gift}
 13106 | D:11     | Gained mutation: You have large cloven feet. [potion of beneficial mutation]
 13133 | D:11     | Identified the +2 chain mail of Kiczifeo {+Blink rPois rC++ Int-3} (Okawaru gifted it to you on level 11 of the Dungeon)
 13413 | D:11     | Found a staircase to the Orcish Mines.
 13413 | D:11     | Noticed a five-headed hydra
 13424 | D:11     | Killed a five-headed hydra
 13466 | D:12     | Noticed a cyan ugly thing
 13487 | D:12     | Slain by a cyan ugly thing

Vault maps used:
D:1:      onia_arrival_pentagram, minmay_quantized
D:2:      hangedman_abyss_or_decor_stabs, uniq_terence
D:3:      marbit_many_paths, lemuel_coloured_pillars_altar, first_bread
D:4:      minmay_door_path, minmay_temple_entry_trees, serial_shops,
          nicolae_shop_crystal
D:5:      wad_lake_hut
D:6:      grunt_temple_overflow_open, kennysheep_big_empty_room,
          kennysheep_generic_room_15, uniq_crazy_yiuf_cottage
D:7:      serial_shops, nicolae_shop_statue_plus, grunt_ministairs_3
D:8:      uniq_erolcha
D:9:      serial_shops, shop
D:10:     david_nohive_1, uniq_sonja, uniq_harold
D:11:     dpeg_lair_monsters, orc_0_dummy, grunt_qazlal_clouds
D:12:     portal_ice_cave_entry_imps, statue_in_the_mist_lemuel
Temple:   circular_temple_12

Skill      XL: |  1  2  3  4  5  6  7  8  9 10 11 |
---------------+----------------------------------+-----
Maces & Flails | 2 3 4 5 7 9 10 12 13 | 13.7
Fighting       | 4 5 6 7 8 10 11 | 11.2
Armour         | |  2.6
Shields        | |  2.6

Action                   |  1- 3 |  4- 6 |  7- 9 | 10-12 || total
-------------------------+-------+-------+-------+-------++-------
Melee: Flail             |   172 |   235 |   527 |   227 ||  1161
       Morningstar       |       |       |       |   319 ||   319
Invok: Heroism           |       |       |     5 |     6 ||    11
Evoke: Wand              |       |       |     1 |       ||     1
  Use: Potion            |       |     1 |     4 |     7 ||    12
       Scroll            |       |       |    12 |    12 ||    24
  Eat: Chunk             |     1 |     9 |    21 |    21 ||    52
       Pizza             |       |       |       |     1 ||     1
